 Dungeon Crawl Stone Soup version 0.30-b1-2-g02819fbbbe (webtiles) character file.

Game seed: 7790658567774502747

8156 Ruse100 the Slicer (level 11, 0/63 HPs)
             Began as a Kobold Enchanter on Oct 23, 2023.
             Was a Believer of Dithmenos.
             Killed from afar by a catoblepas (3 damage)
             ... with a blast of calcifying dust
             ... on level 10 of the Dungeon.
             The game lasted 00:37:19 (12703 turns).

Ruse100 the Slicer (Kobold Enchanter)              Turns: 12703, Time: 00:37:20

Health: 0/63       AC: 16    Str:  5    XL:     11   Next: 50%
Magic:  16/18      EV: 33    Int: 21    God:    Dithmenos [**....]
Gold:   1050       SH:  0    Dex: 19    Spells: 8/20 levels left

rFire   . . .        Q - +1 dagger (venom)
rCold   . . .        (no shield)
rNeg    . . .        K - +0 steam dragon scales
rPois   +            J - +2 helmet {Int+3}
rElec   .            h - scarf {shadows}
rCorr   .            T - +0 pair of gloves
SInv    .            E - +2 pair of boots
Will    .....        N - amulet of the acrobat
Stlth   +++++++      q - ring of poison resistance
HPRegen 0.30/turn    s - +4 ring of protection
MPRegen 0.16/turn

%: acrobat
@: acrobatic, wreathed by umbra, studying Staves
A: small, no large weapons, nightstalker 3
a: Renounce Religion, Shadow Step


You were on level 10 of the Dungeon.
You worshipped Dithmenos.
Dithmenos was pleased with you.
You visited 2 branches of the dungeon, and saw 11 of its levels.
You also visited: Sewer and Bailey.

You collected 1566 gold pieces.
You spent 516 gold pieces at shops.

Inventory:

Hand Weapons
 Q - a +1 dagger of venom (weapon)
Missiles
 g - 2 silver boomerangs
 U - 9 boomerangs
Armour
 h - a scarf of shadows (worn)
 E - a +2 pair of boots (worn)
 J - a +2 helmet of intelligence (worn)
 K - +0 steam dragon scales (worn)
 T - a +0 pair of gloves (worn)
 Y - a +0 pair of boots of flying
Jewellery
 e - a ring of flight
 q - a ring of poison resistance (left hand)
 s - a +4 ring of protection (right hand)
 w - a ring of see invisible
 I - a +4 ring of protection
 N - an amulet of the acrobat (around neck)
Wands
 a - a wand of roots (2)
 G - a wand of paralysis (7)
 M - a wand of flame (22)
 P - a wand of mindburst (2)
 W - a wand of digging (6)
 Z - a wand of polymorph (3)
Scrolls
 b - a scroll of poison
 f - 3 scrolls of magic mapping
 r - 3 scrolls of summoning
 y - a scroll of fog {unknown}
 z - 2 scrolls of teleportation
 C - 3 scrolls of identify
 D - a scroll of noise {unknown}
 L - a scroll of amnesia {unknown}
 O - a scroll of fear {unknown}
 R - a scroll of enchant weapon {unknown}
 S - a scroll of brand weapon {unknown}
Potions
 c - 3 potions of invisibility
 d - 8 potions of mutation
 j - 2 potions of haste
 k - 6 potions of curing
 n - 3 potions of might
 p - a potion of magic
 x - a potion of cancellation
 A - a potion of lignification {unknown}
 B - 5 potions of heal wounds {unknown}
 H - a potion of brilliance {unknown}
 V - 4 potions of flight
Miscellaneous
 X - a tin of tremorstones (2/2) (quivered)


   Skills:
 - Level 5.1 Fighting
 - Level 10.0 Short Blades
 - Level 6.1 Dodging
 + Level 9.8 Stealth
 + Level 5.0 Spellcasting
 + Level 9.1 Hexes
 * Level 4.7 Summonings
 - Level 3.0 Ice Magic
 * Level 4.7 Air Magic


You had 8 spell levels left.
You knew the following spells:

 Your Spells              Type           Power      Damage    Failure   Level
a - Ensorcelled Hibernat  Hex/Ice        60%        N/A       1%          2
b - Confusing Touch       Hex            43%        N/A       1%          3
c - Tukima's Dance        Hex            43%        N/A       1%          3
d - Summon Lightning Spi  Summ/Air       25%        N/A       16%         4

Your spell library contained the following spells:

 Spells                   Type           Power      Damage    Failure   Level
 Summon Small Mammal      Summ           100%       N/A       1%          1
 Summon Guardian Golem    Hex/Summ       34%        N/A       1%          3
 Call Canine Familiar     Summ           25%        N/A       4%          3
 Dazzling Flash           Conj/Hex       48%        N/A       4%          3
 Static Discharge         Conj/Air       30%        2-4/arc   6%          2
 Ozocubu's Armour         Ice            17%        N/A       10%         3
 Apportation              Tloc           10%        N/A       11%         1
 Necrotise                Necr           20%        1d5       11%         1
 Sandblast                Erth           10%        2d5       11%         1
 Lesser Beckoning         Tloc           10%        N/A       16%         2
 Passwall                 Tmut/Erth      4%         N/A       16%         2
 Airstrike                Air            12%        2d(2-18)  16%         4
 Metabolic Englaciation   Hex/Ice        15%        N/A       24%         5
 Gell's Gravitas          Tloc           5%         N/A       32%         3
 Ignite Poison            Fire/Tmut/Pois 5%         N/A       32%         3
 Stone Arrow              Conj/Erth      10%        3d7       32%         3
 Teleport Other           Tloc           5%         N/A       32%         3
 Volatile Blastmotes      Fire/Tloc      10%        2d10      32%         3
 Iskenderun's Mystic Bla  Conj/Tloc      5%         2d3       71%         4
 Sticky Flame             Conj/Fire      5%         2d3       71%         4
 Simulacrum               Ice/Necr       5%         N/A       100%        6
 Starburst                Conj/Fire      2%         6d3       100%        6
 Ignition                 Fire           2%         3d3       100%        8


Dungeon Overview and Level Annotations

Branches:
Dungeon (10/15)            Temple (1/1) D:5            Lair (0/5) D:10
  Sewer (visited)          Bailey (visited)
    Orc: D:9-12

Altars:
Ashenzari
Cheibriados
Dithmenos
Elyvilon
Fedhas
Gozag
Hepliaklqana
Kikubaaqudgha
Makhleb
Nemelex Xobeh
Okawaru
Qazlal
Ru
Sif Muna
Trog
Uskayaw
Vehumet
Wu Jian
Xom
Yredelemnul
Zin
The Shining One

Shops:
D:5 :   D:10 *

Annotations:
D:6 2 transporters
D:9 3 runed translucent doors, Killmatronix's ghost, novice MiSu


Innate Abilities, Weirdness & Mutations

You are small and have problems with some larger weapons.
You are completely attuned to the shadows.


Message History

The catoblepas breathes a plume of calcifying dust at you.
The blast of calcifying dust hits you but does no damage.
You are engulfed in calcifying dust.
You are slowing down.
Unknown command.
Unknown command.
Unknown command.
Your limbs are stiffening.
Casting: Ensorcelled Hibernation (safe; 1% risk of failure)
Confirm with . or Enter, or press ? or * to list all spells.
An electric hum fills the air.
The catoblepas gores you!!
You have turned to stone.
The catoblepas gores you but does no damage.
The catoblepas gores you!!
The catoblepas gores you but does no damage.
The catoblepas breathes a plume of calcifying dust at you.
The blast of calcifying dust hits you but does no damage.
You are engulfed in calcifying dust.
The catoblepas gores you but does no damage.
You are engulfed in calcifying dust.
The catoblepas breathes a plume of calcifying dust at you.
The blast of calcifying dust hits you but does no damage.
You are engulfed in calcifying dust.
The catoblepas gores you!
You are engulfed in calcifying dust.
The catoblepas breathes a plume of calcifying dust at you.
The blast of calcifying dust hits you!
The catoblepas gores you but does no damage.
The catoblepas gores you!!
* * * LOW HITPOINT WARNING * * *
You turn to flesh and can move again.
Unknown command.
The catoblepas attacks as you move away!
The catoblepas gores you!
* * * LOW HITPOINT WARNING * * *
The catoblepas breathes a plume of calcifying dust at you.
The blast of calcifying dust hits you.
* * * LOW HITPOINT WARNING * * *
The catoblepas breathes a plume of calcifying dust at you.
The blast of calcifying dust hits you.
You die...

#.##.......).#......#####
#.##.........#...........
#.##...).........#.......
#.####...##'#######......
##.# #...........##......
###.># #....#†####..#......
#....# #).[##.##[##(.######
#....######))#.##.###..# ###
##....#8.Y§§@...##.#)#..###..
#.....#.#§§##...##.#.#....#..
#.....#§###§#..>#.#.#.###.'..
#.......#..####.#.#.### ###..
##....#####...#.#.#(# #..
###.## ...######.### #.. #.#
### #)# #.. #.## #### #..
#..# #}# #..


There were no monsters in sight!

Vanquished Creatures
  An ice dragon (D:10)
  A boulder beetle (D:10)
  A two-headed ogre (D:10)
  A cyclops (D:10)
  A hornet (D:10)
  2 shadows
  A wraith (D:10)
  Sigmund (D:2)
  A wyvern (D:10)
  2 steam dragons
  An acid dragon (D:10)
  2 water moccasins (D:7)
  An ice beast (D:7)
  6 orc warriors
  A black bear (D:6)
  4 sky beasts
  4 centaurs
  2 ogres (D:5)
  A phantom (D:5)
  5 kobold brigands (Sewer)
  4 bullfrogs
  A gnoll sergeant (D:7)
  4 scorpions
  4 wights
  6 killer bees
  4 howler monkeys
  4 hounds
  2 jellies
  7 orc priests
  4 sleepcaps
  6 iguanas
  Natasha (thrice) (D:2)
  9 orc wizards
  7 adders
  A shadow imp (D:7)
  3 white imps
  4 dart slugs
  29 orcs
  7 ball pythons
  9 endoplasms
  7 giant cockroaches
  10 goblins
  9 hobgoblins
  3 quokkas
  6 bats
  3 frilled lizards
  27 kobolds
  8 rats
230 creatures vanquished.

Vanquished Creatures (collateral kills)
  An orc warrior (D:4)
  A wight (D:4)
2 creatures vanquished.

Vanquished Creatures (others)
  2 dancing weapons (D:8)
  A gnoll (D:7)
3 creatures vanquished.

Grand Total: 235 creatures vanquished

Notes
Turn   | Place    | Note
-------+----------+-------------------------------------------
     0 | D:1      | Ruse100 the Kobold Enchanter began the quest for the Orb.
     0 | D:1      | Reached XP level 1. HP: 10/10 MP: 3/3
   149 | D:1      | Reached XP level 2. HP: 15/15 MP: 5/5
   155 | D:1      | Learned a level 2 spell: Ensorcelled Hibernation
   267 | D:1      | Reached skill level 2 in Short Blades
   332 | D:1      | Reached XP level 3. HP: 20/20 MP: 6/6
   492 | D:1      | Learned a level 3 spell: Confusing Touch
   937 | D:2      | Noticed Natasha
   943 | D:2      | Killed Natasha
   944 | D:2      | Reached skill level 1 in Fighting
   944 | D:2      | Reached XP level 4. HP: 25/25 MP: 4/7
  1118 | D:2      | Noticed Sigmund
  1126 | D:2      | Killed Sigmund
  1127 | D:2      | Reached skill level 3 in Short Blades
  1127 | D:2      | Reached XP level 5. HP: 29/30 MP: 5/9
  1127 | D:2      | Reached XP level 6. HP: 34/35 MP: 5/10
  1131 | D:2      | Learned a level 3 spell: Tukima's Dance
  1223 | D:2      | Found a burning altar of Makhleb.
  1284 | D:2      | Noticed Natasha
  1293 | D:2      | Killed Natasha
  1329 | D:2      | Reached skill level 5 in Stealth
  1613 | D:2      | Noticed Natasha
  1859 | D:2      | Found a burning altar of Makhleb.
  1878 | D:2      | Killed Natasha
  2779 | D:3      | Found a faded altar of an unknown god.
  3305 | D:4      | Noticed a sky beast
  3309 | D:4      | Killed a sky beast
  3310 | D:4      | Reached XP level 7. HP: 40/40 MP: 11/11
  3362 | D:4      | Reached skill level 5 in Hexes
  3703 | D:4      | Reached skill level 4 in Short Blades
  4658 | D:4      | Found a glowing silver altar of Zin.
  4879 | D:5      | Entered Level 5 of the Dungeon
  4884 | D:5      | Reached XP level 8. HP: 46/46 MP: 13/13
  5018 | D:5      | Found a staircase to the Ecumenical Temple.
  5072 | D:5      | Found a glowing drain.
  5088 | Sewer    | Entered a sewer
  5402 | Sewer    | Reached skill level 5 in Dodging
  5596 | Sewer    | Reached skill level 5 in Short Blades
  5748 | D:5      | Found Etuuq's Book Emporium.
  5764 | D:5      | Bought a book of Storms for 312 gold pieces
  5847 | D:5      | Learned a level 4 spell: Summon Lightning Spire
  5905 | D:5      | Identified the +1 ring mail of Juililu {-Cast rElec Dex+4}
  5960 | Temple   | Entered the Ecumenical Temple
  5998 | Temple   | Became a worshipper of Dithmenos the Shadowed
  6044 | D:5      | Reached XP level 9. HP: 52/52 MP: 15/15
  6634 | D:6      | Reached skill level 6 in Short Blades
  6978 | D:6      | Found a transporter.
  7101 | D:6      | Noticed a kobold demonologist
  7102 | D:6      | Noticed a kobold demonologist
  7110 | D:6      | Found a transporter.
  7571 | D:7      | Reached * piety under Dithmenos
  7576 | D:7      | Reached skill level 7 in Short Blades
  7723 | D:7      | Reached skill level 5 in Fighting
  8140 | D:7      | Reached XP level 10. HP: 59/59 MP: 16/16
  8144 | D:7      | Reached skill level 1 in Ice Magic
  8180 | D:7      | Reached skill level 1 in Summonings
  8180 | D:7      | Reached skill level 1 in Air Magic
  8300 | D:7      | Reached skill level 8 in Short Blades
  9297 | D:8      | Found a sacrificial altar of Ru.
 10197 | D:8      | Found a hazy altar of Hepliaklqana.
 10204 | D:8      | Found an opulent altar of Gozag.
 10211 | D:8      | Found a burning altar of Makhleb.
 10219 | D:8      | Found a bloodstained altar of Trog.
 10227 | D:8      | Found a hide-covered altar of Uskayaw.
 10231 | D:8      | Found a snail-covered altar of Cheibriados.
 10242 | D:8      | Found a stormy altar of Qazlal.
 10416 | D:9      | Found a radiant altar of Vehumet.
 10594 | D:9      | Reached skill level 9 in Short Blades
 10651 | D:9      | Found a flagged portal.
 10658 | Bailey   | Entered a bailey
 10706 | Bailey   | Reached ** piety under Dithmenos
 11587 | D:9      | Found a runed translucent gate.
 11587 | D:9      | Found a runed translucent gate.
 11587 | D:9      | Found a runed translucent gate.
 11766 | D:9      | Noticed Killmatronix's ghost (novice MiSu)
 11808 | D:10     | Entered Level 10 of the Dungeon
 12011 | D:10     | Found Fosmyunt's Neck Hole.
 12023 | D:10     | Bought a scarf of shadows for 204 gold pieces
 12099 | D:10     | Identified the +4 pair of boots of the Bulwark {Str+6 SInv}
 12144 | D:10     | Reached XP level 11. HP: 63/63 MP: 14/17
 12297 | D:10     | Noticed a two-headed ogre
 12300 | D:10     | Killed a two-headed ogre
 12339 | D:10     | Reached skill level 10 in Short Blades
 12423 | D:10     | Noticed a cyclops
 12427 | D:10     | Killed a cyclops
 12435 | D:10     | Noticed an ice dragon
 12438 | D:10     | Killed an ice dragon
 12482 | D:10     | Noticed a boulder beetle
 12514 | D:10     | Killed a boulder beetle
 12515 | D:10     | Reached skill level 5 in Spellcasting
 12577 | D:10     | Found a staircase to the Lair.
 12632 | D:10     | Noticed a catoblepas
 12633 | D:10     | Noticed a frost giant
 12701 | D:10     | HP: 3/63 [catoblepas/blast of calcifying dust (3)]
 12703 | D:10     | Killed from afar by a catoblepas

Illustrated notes

Levels and vault maps discovered:
D:1:      dpeg_arrival_signposts, layout_basic
D:2:      layout_loops_cross, basic_altar, minivault_23, uniq_sigmund,
          uniq_natasha
D:3:      layout_rooms, hellmonk_ecumenical_altar_blasted
D:4:      layout_layer_cave, mainiacjoe_overflow_brackets, minmay_manual_moon
D:5:      layout_loops_cross, minmay_temple_entry_offerings, serial_shops,
          shop_coins, cheibrodos_sewer_entry_drain
D:6:      gammafunk_wand_slinger, layout_basic
D:7:      minmay_razor_zed, layout_loops_corners, enter_ossuary_2
D:8:      layout_basic, nicolae_ru_awakened_eye, grunt_temple_overflow_octagram
D:9:      layout_cave_pods, vehumet_crystals, enter_bailey_2,
          gammafunk_ghost_ooze
D:10:     minmay_chopped_fan, layout_basic, lair_entry_dummy,
          chequers_serial_rivers_room_b, nicolae_shop_sticking_my_neck_out
Temple:   nicolae_temple_no_exploring_needed

Skill      XL: |  1  2  3  4  5  6  7  8  9 10 11 |
---------------+----------------------------------+-----
Short Blades   | 2 3 4 5 7 9 10 | 10.0
Fighting       | 1 2 3 4 5 |  5.1
Dodging        | 3 4 5 6 |  6.1
Spellcasting   | 3 4 5 |  5.0
Hexes          | 4 5 6 7 8 9 |  9.1
Stealth        | 5 6 8 9 |  9.8
Ice Magic      | 3 |  3.0
Summonings     | 3 4 |  4.7
Air Magic      | 3 4 |  4.7

Action                     |  1- 3 |  4- 6 |  7- 9 | 10-12 || total
---------------------------+-------+-------+-------+-------++-------
  Melee: Dagger            |    44 |    50 |   316 |   204 ||   614
         Punch             |       |     2 |     2 |     5 ||     9
  Throw: Boomerang         |       |       |       |     6 ||     6
   Cast: Ensorcelled Hiber |     1 |     5 |    82 |    60 ||   148
         Tukima's Dance    |       |       |     3 |     9 ||    12
         Confusing Touch   |       |       |     2 |     1 ||     3
         Summon Lightning  |       |       |       |     2 ||     2
    Use: Scroll            |     1 |     6 |     5 |     5 ||    17
         Potion            |       |       |     1 |       ||     1
   Stab: Sleeping          |    20 |    16 |    72 |    56 ||   164
         Distracted        |       |     1 |     3 |     5 ||     9
         Confused          |       |       |     3 |     1 ||     4
 Armour: Robe              |     1 |     6 |   100 |       ||   107
         Steam dragon scal |       |       |       |    45 ||    45
  Dodge: Dodged            |    18 |    19 |   267 |   202 ||   506
